 Dungeon Sprint DCSS version 0.30-a0-1124-g6e8f0f562f (webtiles) character file.

Game seed: 13181687760480156391

2800000 PLAYERX the Axe Maniac (level 19, -25/151 HPs)
             Began as a Gargoyle Gladiator on Apr 23, 2023.
             Was the Champion of Makhleb.
             Annihilated by a meat berserker
             ... wielding a +9 battleaxe
              (40 damage)
             ... in the Dungeon (Sprint VIII: "Arena of Blood").
             The game lasted 00:02:50 (28 turns).

PLAYERX the Axe Maniac (Gargoyle Gladiator)           Turns: 28, Time: 00:02:51

Health: -25/151    AC: 23    Str: 25    XL:     19   Next: 77%
Magic:  19/26      EV: 22    Int: 10    God:    Makhleb [******]
Gold:   0          SH:  0    Dex: 11    Spells: 28/28 levels left

rFire   . . .        l - +∞ Axe of Woe
rCold   . . .        (shield currently unavailable)
rNeg    + . .        b - +0 leather armour
rPois   ∞            c - +0 helmet
rElec   +            (no cloak)
rCorr   .            (no gloves)
SInv    .            (no boots)
Will    +....        (no amulet)
Stlth   +++          (no ring)
HPRegen 0.45/turn    (no ring)
MPRegen 0.20/turn

%: no teleportation
@: flying
A: sickness immunity, AC +14, big wings, negative energy resistance 1,
electricity resistance, torment resistance 1, petrification resistance
a: Renounce Religion, Minor Destruction, Lesser Servant of Makhleb, Major
Destruction, Greater Servant of Makhleb


You were in the Dungeon.
You worshipped Makhleb.
Makhleb was exalted by your worship.
You visited 1 branch

Inventory:

Hand Weapons
 a - a +0 war axe
 l - the +∞ Axe of Woe (weapon)
   (You found it in the Dungeon)
Missiles
 d - 3 throwing nets (quivered)
 e - a javelin
Armour
 b - a +0 leather armour (worn)
 c - a +0 helmet (worn)
Scrolls
 k - a scroll of blinking
Potions
 f - a potion of curing
 g - a potion of heal wounds
 h - a potion of haste
 i - 2 potions of magic
 j - a potion of berserk rage


   Skills:
 O Level 27 Fighting
 + Level 5.0(6.0) Short Blades
 + Level 5.0(6.0) Long Blades
 O Level 27 Axes
 + Level 5.5(20.4) Maces & Flails
 + Level 5.0(18.9) Polearms
 + Level 5.5(7.5) Staves
 + Level 5.5 Ranged Weapons
 O Level 27 Throwing
 O Level 27 Armour
 O Level 27 Dodging
 + Level 6.6 Stealth
 + Level 6.0 Shields
 + Level 5.5 Unarmed Combat
 + Level 5.0 Spellcasting
 + Level 6.0 Conjurations
 + Level 5.6 Hexes
 + Level 5.0 Summonings
 + Level 4.5 Necromancy
 + Level 5.0 Translocations
 + Level 4.5 Transmutations
 + Level 6.2 Fire Magic
 + Level 6.2 Ice Magic
 + Level 5.1 Air Magic
 + Level 7.4 Earth Magic
 + Level 6.2 Poison Magic
 + Level 6.8 Invocations
 + Level 5.6 Evocations


You had 28 spell levels left.
You didn't know any spells.
Your spell library was empty.

Dungeon Overview and Level Annotations

Branches:
Dungeon (1/1)

Altars:
Makhleb


Innate Abilities, Weirdness & Mutations

You are immune to sickness and miasma.
Your stone body is resilient. (AC +14)
You are immune to poison.
Your large and strong wings let you fly.
You resist negative energy. (rN+)
You are resistant to electric shocks. (rElec)
You are resistant to unholy torment.
You are immune to petrification.


Message History

The bag of meat hits you with a +9 war axe.
A bag of meat and a meat berserker come into view.
You hear a shout! x7
A large bag of meat comes into view. It is wielding a +9 giant spiked club.
A bag of meat comes into view. It is wielding a +9 war axe. x2
You hear a shout! x2
The meat berserker closely misses you.
You hear a shout!
Items here: )))) ==== ††††.
The bag of meat attacks as you move away!
The bag of meat completely misses you.
The meat berserker attacks as you move away!
The meat berserker hits you with a +9 battleaxe!!!
A destroyer and 2 bags of meat come into view.
The destroyer is wielding a +9 heavy great sword.
The bag of meat shouts!
The destroyer shouts!
You hear a shout! x3
A meat berserker comes into view. It is wielding a +9 battleaxe.
A bag of meat comes into view. It is wielding a +9 war axe. x2
The destroyer points at you and mumbles some strange words.
The destroyer blinks!
You hear a shout! x4
The meat berserker hits you with a +9 battleaxe!!!
You hear a shout! x3
Items here: )) == †.
A demon appears!
The Servant appears out of thin air!
The Servant comes into view.
He is wielding a +9 glaive of flaming.
The bag of meat shouts!
The meat berserker hits your balrug with a +9 battleaxe!!!
You hear a shout! x2
The bag of meat hits you with a +9 war axe!!
* * * LOW HITPOINT WARNING * * *
You hear a shout!
A bag of meat comes into view. It is wielding a +9 war axe.
The meat berserker completely misses you.
The destroyer casts a spell at you.
The destroyer blinks!
You hear a shout! x2
A meat berserker comes into view. It is wielding a +9 battleaxe.
The meat berserker hits you with a +9 battleaxe!!!
You die...

#.. .o.# . .###.o
...###...
.....o###........
....o._.........
. #..O..#..o...
.. #_.O._#.O....
...#...2.#......
......_V.O..V@..
......###@...o...
.###...ooOO###.o.
#...O)oo# ..
#...))oo#
.....o.......
...Oo...o..O..#
..O..........#..
......§...O##O..
.#....§...#. .o.


You could see The Servant (wandering), 2 destroyers, 5 large bags of meat, 6
meat berserkers, 15 bags of meat and a friendly balrug (summoned).

Vanquished Creatures
  11 ogres (D)
  17 orcs (D)
28 creatures vanquished.

Notes
Turn   | Place    | Note
-------+----------+-------------------------------------------
     0 | D        | Found the +∞ Axe of Woe
     0 | D        | PLAYERX the Gargoyle Gladiator began the quest for the Orb.
     0 | D        | Reached XP level 1. HP: 12/12 MP: 1/1
     2 | D        | Noticed a bag of meat
     4 | D        | Became a worshipper of Makhleb the Destroyer
     4 | D        | Noticed a bag of meat
     5 | D        | Noticed a meat berserker
     6 | D        | Noticed a bag of meat
     7 | D        | Noticed a meat berserker
     7 | D        | Noticed a bag of meat
     7 | D        | Noticed a bag of meat
     8 | D        | Noticed a bag of meat
     8 | D        | Noticed a bag of meat
     8 | D        | Noticed a bag of meat
     8 | D        | Noticed a bag of meat
     9 | D        | Noticed a meat berserker
     9 | D        | Noticed a meat berserker
     9 | D        | Noticed a bag of meat
     9 | D        | Noticed a bag of meat
    10 | D        | Killed a meat berserker
    10 | D        | Killed a meat berserker
    10 | D        | Reached * piety under Makhleb
    10 | D        | Noticed a bag of meat
    11 | D        | Reached skill level 10 in Throwing
    11 | D        | Reached XP level 2. HP: 31/31 MP: 2/2
    11 | D        | Reached XP level 3. HP: 36/36 MP: 3/3
    11 | D        | Reached XP level 4. HP: 41/41 MP: 4/4
    11 | D        | Reached XP level 5. HP: 46/46 MP: 5/5
    11 | D        | Reached XP level 6. HP: 52/52 MP: 6/6
    11 | D        | Reached XP level 7. HP: 56/56 MP: 7/7
    11 | D        | Reached XP level 8. HP: 62/62 MP: 8/8
    11 | D        | Reached XP level 9. HP: 67/67 MP: 9/9
    11 | D        | Reached XP level 10. HP: 72/72 MP: 10/10
    11 | D        | Reached XP level 11. HP: 76/76 MP: 11/11
    11 | D        | Reached XP level 12. HP: 82/82 MP: 12/12
    11 | D        | Reached XP level 13. HP: 87/87 MP: 13/13
    11 | D        | Killed a bag of meat
    12 | D        | Killed a meat berserker
    12 | D        | Killed a bag of meat
    12 | D        | Reached ** piety under Makhleb
    12 | D        | Killed a bag of meat
    12 | D        | Noticed a meat berserker
    13 | D        | Gained mutation: Your large and strong wings let you fly.
                  | [Gargoyle growth]
    13 | D        | Reached XP level 14. HP: 100/100 MP: 14/14
    13 | D        | Reached XP level 15. HP: 104/104 MP: 15/15
    13 | D        | Noticed a meat berserker
    14 | D        | Reached *** piety under Makhleb
    14 | D        | Noticed a meat berserker
    14 | D        | Noticed a meat berserker
    15 | D        | Reached skill level 27 in Axes
    15 | D        | Reached XP level 16. HP: 116/116 MP: 16/16
    15 | D        | Killed a meat berserker
    15 | D        | Reached **** piety under Makhleb
    15 | D        | Noticed a meat berserker
    16 | D        | Noticed a meat berserker
    17 | D        | Killed a meat berserker
    17 | D        | Reached ***** piety under Makhleb
    17 | D        | Noticed a meat berserker
    18 | D        | Reached skill level 27 in Dodging
    18 | D        | Reached XP level 17. HP: 138/138 MP: 17/17
    18 | D        | Noticed a meat berserker
    18 | D        | Noticed a meat berserker
    20 | D        | Reached skill level 27 in Fighting
    20 | D        | Noticed a large bag of meat
    20 | D        | Killed a meat berserker
    22 | D        | Reached XP level 18. HP: 145/145 MP: 18/18
    22 | D        | Killed a meat berserker
    22 | D        | Killed a meat berserker
    22 | D        | Noticed a destroyer
    23 | D        | Reached skill level 27 in Throwing
    23 | D        | Killed a meat berserker
    23 | D        | Reached ****** piety under Makhleb
    23 | D        | Noticed a meat berserker
    24 | D        | Killed a meat berserker
    24 | D        | Killed a meat berserker
    25 | D        | Reached skill level 27 in Armour
    25 | D        | Reached XP level 19. HP: 151/151 MP: 19/19
    25 | D        | Noticed a large bag of meat
    25 | D        | Noticed a large bag of meat
    25 | D        | Noticed a large bag of meat
    26 | D        | Reached skill level 5 in Short Blades
    26 | D        | Reached skill level 5 in Long Blades
    26 | D        | Reached skill level 5 in Maces & Flails
    26 | D        | Reached skill level 5 in Polearms
    26 | D        | Reached skill level 5 in Staves
    26 | D        | Reached skill level 5 in Ranged Weapons
    26 | D        | Reached skill level 5 in Unarmed Combat
    26 | D        | Reached skill level 5 in Spellcasting
    26 | D        | Reached skill level 5 in Hexes
    26 | D        | Reached skill level 5 in Summonings
    26 | D        | Reached skill level 5 in Translocations
    26 | D        | Reached skill level 5 in Air Magic
    26 | D        | Reached skill level 5 in Evocations
    26 | D        | Noticed a meat berserker
    26 | D        | Noticed a large bag of meat
    27 | D        | Noticed a destroyer
    27 | D        | Noticed a meat berserker
    28 | D        | Noticed a meat berserker
    28 | D        | Annihilated by a meat berserker

Illustrated notes

Levels and vault maps discovered:
D:        meatsprint

Skill      XL: |  1  2  3  4  5  6  7  8  9 10 11 12 13 14 15 16 17 18 19 |
---------------+----------------------------------------------------------+-----
Fighting       | 12 16 19 26 27 | 27.0
Axes           | 20 24 27 | 27.0
Throwing       | 10 12 14 19 26 27 | 27.0
Dodging        | 18 21 24 27 | 27.0
Armour         | 27 | 27.0
Short Blades   | 5 |  5.0
Long Blades    | 5 |  5.0
Maces & Flails | 5 |  5.5
Polearms       | 5 |  5.0
Staves         | 5 |  5.5
Ranged Weapons | 5 |  5.5
Stealth        | 6 |  6.6
Shields        | 6 |  6.0
Unarmed Combat | 5 |  5.5
Spellcasting   | 5 |  5.0
Conjurations   | 6 |  6.0
Hexes          | 5 |  5.6
Summonings     | 5 |  5.0
Necromancy     | 4 |  4.5
Translocations | 5 |  5.0
Transmutations | 4 |  4.5
Fire Magic     | 6 |  6.2
Ice Magic      | 6 |  6.2
Air Magic      | 5 |  5.1
Earth Magic    | 7 |  7.4
Poison Magic   | 6 |  6.2
Invocations    | 6 |  6.8
Evocations     | 5 |  5.6

Action                     |  1- 3 |  4- 6 |  7- 9 | 10-12 | 13-15 | 16-18 | 19-21 || total
---------------------------+-------+-------+-------+-------+-------+-------+-------++-------
  Melee: Executioner's axe |     1 |       |       |       |     3 |     9 |     1 ||    14
 Invoke: Greater Servant o |       |       |       |       |       |       |     1 ||     1
  Dodge: Dodged            |     1 |       |       |       |       |       |     3 ||     4

Table legend: (Time is in decaauts)
 A = Elapsed time spent in this place.
 B = Non-inter-level travel time spent in this place.
 C = Inter-level travel time spent in this place.
 D = Time resting spent in this place.
 E = Time spent auto-exploring this place.
 F = Levels seen in this place.
 G = Mean time per level.
                   A        B        C        D        E       F      G
               +--------+--------+--------+--------+--------+-----+--------+
         Total |     24 |     24 |      0 |      0 |      0 |   1 |   24.0 |
       Dungeon |     24 |     24 |      0 |      0 |      0 |   1 |   24.0 |
               +--------+--------+--------+--------+--------+-----+--------+

Top non-repeatable levels by time:
       D: 24 daAuts
